 Dungeon Crawl Stone Soup version 0.30.1-3-gfc49f6343a (webtiles) character file.

Game seed: 12933921051523050430

408 danmikkh the Magician (level 7, -3/49 HPs)
             Began as a Djinni Fire Elementalist on Aug 8, 2023.
             Slain by a gnoll
             ... wielding a +0 halberd
             ... led by a gnoll bouda
              (12 damage)
             ... on level 4 of the Dungeon.
             The game lasted 00:04:46 (3476 turns).

danmikkh the Magician (Djinni Fire Elementalist)    Turns: 3476, Time: 00:04:47

Health: -3/49      AC:  2    Str:  7    XL:     7   Next: 13%
Gold:   171        EV: 12    Int: 18    God:
                   SH:  0    Dex: 14

rFire   + + .        c - +0 dagger (speed)
rCold   x . .        (no shield)
rNeg    . . .        a - +0 robe
rPois   ∞            (no helmet)
rElec   .            (no cloak)
rCorr   .            (no gloves)
SInv    .            (boots unavailable)
Will    .....        (no amulet)
Stlth   ++           (no ring)
HPRegen 0.28/turn    (no ring)
MPRegen 0.00/turn

%: infuse magic (-4 HP)
@: flying
A: sickness immunity, fire resistance 2, cold vulnerability 1, float, innate
caster, HP casting, extra vitality 1
a: no special abilities


You were on level 4 of the Dungeon.
You visited 1 branch of the dungeon, and saw 4 of its levels.

You collected 171 gold pieces.

Inventory:

Hand Weapons
 c - a +0 dagger of speed (weapon)
Armour
 a - a +0 robe (worn)
Jewellery
 b - a ring of willpower
 p - an amulet of reflection
Wands
 j - a wand of polymorph (12)
 l - a wand of digging (1)
 o - a wand of flame (19)
Scrolls
 d - 3 scrolls of identify {unknown}
 e - a scroll of fog {unknown}
 f - a scroll of magic mapping {unknown}
 h - a scroll of silence {unknown}
 i - a scroll of amnesia {unknown}
 m - a scroll of teleportation {unknown}
Potions
 g - a potion of cancellation {unknown}
 k - 3 potions of curing {unknown}
 n - a potion of invisibility {unknown}
 q - a potion of berserk rage {unknown}
 r - a potion of lignification {unknown}


   Skills:
 * Level 2.5 Fighting
 - Level 2.3 Dodging
 - Level 1.6 Stealth
 + Level 5.3 Spellcasting


You knew the following spells:

 Your Spells              Type           Power      Damage    Failure   Level
a - Foxfire               Conj/Fire      92%        2x1d8     1%          1
b - Scorch                Fire           46%        2d7       2%          2
c - Volatile Blastmotes   Fire/Tloc      46%        2d13      4%          3
d - Inner Flame           Hex/Fire       23%        N/A       4%          3
e - Flame Wave            Conj/Fire      23%        2d8       14%         4
f - Summon Small Mammal   Summ           92%        N/A       1%          1
g - Momentum Strike       Conj/Tloc      46%        3d9       2%          2
h - Spider Form           Tmut/Pois      23%        N/A       4%          3
Your spell library was empty.

Dungeon Overview and Level Annotations

Branches:
Dungeon (4/15)
 Temple: D:4-7

Altars:
The Shining One


Innate Abilities, Weirdness & Mutations

You are immune to sickness and miasma.
You are immune to poison.
Your flesh is very heat resistant. (rF++)
You are vulnerable to cold. (rC-)
You float through the air rather than walking.
You learn spells naturally, not from books.
Your magical power is your life essence.
You have superior vitality. (+4 MHP)


Message History

The foxfire hits the hound.
The hound is almost dead.
The foxfire hits the hound.
You kill the hound!
You conjure some foxfire!
You conjure some foxfire!
Your foxfire dissipates!
You conjure some foxfire!
Your foxfire dissipates!
The foxfire hits the gnoll.
The gnoll is lightly wounded.
The foxfire hits the gnoll.
The gnoll is moderately wounded.
The foxfire hits the gnoll.
The gnoll is heavily wounded.
The foxfire hits the gnoll.
The gnoll is heavily wounded.
The gnoll hits you from afar with a +0 halberd!
A gnoll comes into view. It is wielding a +2 halberd of venom.
Casting: Foxfire (safe; 1% risk of failure)
Confirm with . or Enter, or press ? or * to list all spells.
Flames lash the gnoll.
The gnoll is almost dead.
The gnoll's fire resistance burns away.
You hear an angry hiss.
An adder comes into view. x2
The foxfire hits the gnoll but does no damage.
The gnoll is almost dead.
The gnoll hits you from afar with a +0 halberd!
Casting: Scorch (safe; 2% risk of failure)
Confirm with . or Enter, or press ? or * to list all spells.
Flames lash the gnoll.
The gnoll is moderately wounded.
The gnoll's fire resistance burns away.
* * * LOW HITPOINT WARNING * * *
The gnoll hits you from afar with a +0 spear.
* * * LOW HITPOINT WARNING * * *
An endoplasm comes into view.
The gnoll hits you from afar with a +0 halberd!
You die...

.J .. g##.# S...
#... +...
...##gg########
...............
#######@..########.
......§v...........
..............)#
..#........<#.##
#..........).#
#########....#
#....# #...## +...+


You could see 3 gnolls, an adder and an endoplasm.

Vanquished Creatures
  Grinder (D:3)
  A hound (D:4)
  Natasha (thrice) (D:3)
  Ijyb (D:3)
  2 adders
  A gnoll (D:4)
  An orc (D:3)
  4 bats
  5 endoplasms
  2 giant cockroaches
  6 hobgoblins
  8 kobolds
  5 quokkas
  6 ball pythons
  3 frilled lizards
  4 goblins
  4 rats
57 creatures vanquished.

Vanquished Creatures (others)
  507 foxfires
507 creatures vanquished.

Grand Total: 564 creatures vanquished

Notes
Turn   | Place    | Note
-------+----------+-------------------------------------------
     0 | D:1      | danmikkh the Djinni Fire Elementalist began the quest for
                  | the Orb.
     0 | D:1      | danmikkh set off with the following spells memorised:
                  | Foxfire, Scorch, Volatile Blastmotes, Inner Flame, Flame
                  | Wave.
     0 | D:1      | Reached XP level 1. HP: 15/15 MP: 0/0
   124 | D:1      | Reached XP level 2. HP: 19/21 MP: 0/0
   500 | D:1      | Reached skill level 3 in Spellcasting
   644 | D:1      | Reached XP level 3. HP: 20/25 MP: 0/0
   644 | D:1      | Learned a level 1 spell: Summon Small Mammal
  1631 | D:2      | Found a faded altar of an unknown god.
  1912 | D:3      | Noticed Grinder
  1922 | D:3      | Killed Grinder
  1923 | D:3      | Reached skill level 4 in Spellcasting
  1923 | D:3      | Reached XP level 4. HP: 16/33 MP: 0/0
  1923 | D:3      | Reached XP level 5. HP: 19/38 MP: 0/0
  1923 | D:3      | Learned a level 2 spell: Momentum Strike
  1923 | D:3      | Reached XP level 6. HP: 21/43 MP: 0/0
  2054 | D:3      | Noticed Ijyb
  2064 | D:3      | Killed Ijyb
  2350 | D:3      | Found a glowing golden altar of the Shining One.
  2474 | D:3      | Noticed Natasha
  2478 | D:3      | Killed Natasha
  2542 | D:3      | Reached skill level 5 in Spellcasting
  3001 | D:3      | Noticed Natasha
  3003 | D:3      | Killed Natasha
  3293 | D:3      | Noticed Natasha
  3302 | D:3      | Killed Natasha
  3303 | D:3      | Reached XP level 7. HP: 31/49 MP: 0/0
  3303 | D:3      | Learned a level 3 spell: Spider Form
  3476 | D:4      | Slain by a gnoll

Illustrated notes

Levels and vault maps discovered:
D:1:      nicolae_arrival_somewhat_less_tricky_arrival, layout_basic
D:2:      layout_loops_ring, dreamdust_ecumenical_altar_angels_and_demons
D:3:      layout_loops_corners, mainiacjoe_overflow_cross_hatched, uniq_ijyb,
          uniq_grinder, uniq_natasha
D:4:      black_bear_nest_2, layout_basic, mainiacjoe_overflow_alcove_2,
          nicolae_dithmenos_the_darkroom, minmay_temple_entry_large_hall,
          kennysheep_generic_room_8, uniq_pikel, uniq_sigmund,
          uniq_blork_the_orc

Skill      XL: |  1  2  3  4  5  6 |
---------------+-------------------+-----
Spellcasting   | 3 4 5 |  5.3
Fighting       | 2 |  2.5
Dodging        | |  2.3
Stealth        | |  1.6

Action                     |  1- 3 |  4- 6 |  7- 9 || total
---------------------------+-------+-------+-------++-------
   Cast: Foxfire           |   179 |    71 |    38 ||   288
         Scorch            |     6 |    13 |     2 ||    21
 Armour: Robe              |     1 |       |       ||     1
         Skin              |     2 |       |       ||     2
  Dodge: Dodged            |    10 |     3 |       ||    13
